 Dungeon Crawl Stone Soup version 0.22.1-5-g62c59d919a (webtiles) character file.

1281 Peloso the Slasher (level 8, -2/70 HPs)
             Began as a Minotaur Fighter on Jan 12, 2019.
             Slain by an orc warrior
             ... wielding a +0 war axe
              (14 damage)
             ... on level 7 of the Dungeon.
             The game lasted 00:09:17 (5777 turns).

Peloso the Slasher (Minotaur Fighter)               Turns: 5777, Time: 00:09:17

Health: -2/70      AC: 12    Str: 21    XL:     8   Next: 29%
Magic:  7/7        EV:  7    Int:  5    God:
Gold:   296        SH: 10    Dex: 12    Spells: 7/7 levels left

rFire    . . .     SeeInvis .   a - +0 long sword
rCold    . . .     Gourm    .   c - +0 shield
rNeg     . . .     Faith    .   m - +0 chain mail
rPois    .         Spirit   .   (helmet restricted)
rElec    .         Reflect  .   z - scarf {cloud immunity}
rCorr    .         Harm     .   h - +1 pair of gloves {archery}
MR       .....                  (no boots)
Stlth    ..........             B - amulet of the acrobat
HPRegen  0.21/turn              (no ring)
MPRegen  0.10/turn              (no ring)

@: no status effects
A: retaliatory headbutt, horns 2
a: no special abilities


You were on level 7 of the Dungeon.
You were not hungry.

You visited 1 branch of the dungeon, and saw 7 of its levels.

You collected 296 gold pieces.

Inventory:

Hand Weapons
 a - a +0 long sword (weapon)
Armour
 b - a +0 scale mail
 c - a +0 shield (worn)
 h - a +1 pair of gloves of archery (worn)
 m - a +0 chain mail (worn)
 p - a +1 pair of gloves
 s - a scarf of repulsion
 y - a +1 cloak
 z - a scarf of cloud immunity (worn)
Jewellery
 B - an amulet of the acrobat (around neck)
Wands
 C - a wand of random effects (15)
Scrolls
 j - 3 scrolls of teleportation
 k - a scroll of fog {unknown}
 n - 4 scrolls of remove curse
 q - 2 scrolls of fear {unknown}
 t - 4 scrolls of identify
 u - a scroll of silence {unknown}
 v - a scroll of magic mapping {unknown}
 A - a scroll of amnesia
Potions
 d - 3 potions of might
 e - a potion of heal wounds
 g - a potion of agility
 i - 2 potions of brilliance
 l - a potion of resistance {unknown}
 o - 3 potions of curing {unknown}
 r - a potion of haste {unknown}
 w - a potion of mutation {unknown}
 x - a potion of flight {unknown}
 D - a potion of ambrosia {unknown}
Comestibles
 f - 12 rations


   Skills:
 + Level 5.9 Fighting
 + Level 7.2 Long Blades
 + Level 7.1 Armour
 + Level 2.2 Dodging
 + Level 0.2 Stealth
 + Level 6.6 Shields


You had 7 spell levels left.
You didn't know any spells.
Your spell library contained the following spells:

 Spells                   Type           Power        Failure   Level  Hunger
 Beastly Appendage        Tmut           #.....       100%        1    ##.....
 Sticks to Snakes         Tmut           #.......     100%        2    ###....
 Spider Form              Tmut/Pois      #.........   100%        3    ####...
 Ice Form                 Ice/Tmut       #.......     100%        4    #####..
 Blade Hands              Tmut           #.........   100%        5    ######.


Dungeon Overview and Level Annotations

Branches:
Dungeon (7/15)
 Temple: D:4-7

Altars:
Makhleb
Sif Muna
Trog

Shops:
D:4 (


Innate Abilities, Weirdness & Mutations

You reflexively headbutt those who attack you in melee.
You have a pair of horns on your head.


Message History

You closely miss the orc warrior.
The orc warrior is moderately wounded.
The orc priest mumbles some strange prayers to Beogh against you.
Beogh smites you!
* * * LOW HITPOINT WARNING * * *
You block the orc warrior's attack.
You hit the orc warrior but do no damage.
The orc warrior is moderately wounded.
The hound stops to sniff the ground.
You hit the orc warrior.
The orc warrior is heavily wounded.
The orc warrior completely misses you.
You closely miss the orc warrior. Your headbutt misses the orc warrior.
The orc warrior is heavily wounded.
You block the orc warrior's attack.
You closely miss the orc warrior.
You headbutt the orc warrior, but do no damage.
The orc warrior is heavily wounded.
The orc warrior hits you with a war axe!
You die...

###
#############.#
#.............#
#.###########.#
#.# #.# #.# #.#
#.# #.# #@#
#.#### #o#
#....# #o#
####.#


#oh #######.# .o. .......># #... ########. #... #. ..... #. #. You could see an
orc warrior, a hound, an orc priest and 2 orcs.

Vanquished Creatures
  Sigmund (D:5)
  Edmund (D:6)
  An orc warrior (D:6)
  3 ogres (D:5)
  A centaur (D:5)
  A water moccasin zombie (D:6)
  A howler monkey (D:6)
  2 crimson imps
  An orc priest (D:5)
  3 hounds
  A centaur skeleton (D:5)
  2 worker ants
  3 gnolls (D:4)
  8 adders
  A howler monkey skeleton (D:4)
  A shadow imp (D:5)
  An ooze (D:4)
  A worm (D:2)
  A dart slug (D:4)
  4 leopard geckos
  12 orcs
  5 bats
  11 giant cockroaches
  10 goblins
  8 hobgoblins
  9 jackals
  2 kobolds
  A quokka (D:2)
  2 ball pythons
  2 frilled lizards
  A giant cockroach zombie (D:5)
  10 rats
111 creatures vanquished.

Vanquished Creatures (others)
  5 toadstools (D:1)
5 creatures vanquished.

Grand Total: 116 creatures vanquished

Notes
Turn   | Place    | Note
-------+----------+-------------------------------------------
     0 | D:1      | Peloso the Minotaur Fighter began the quest for the Orb.
     0 | D:1      | Reached XP level 1. HP: 19/19 MP: 0/0
    31 | D:1      | Reached XP level 2. HP: 9/27 MP: 1/1
   817 | D:2      | Reached XP level 3. HP: 33/33 MP: 2/2
   829 | D:2      | Found a burning altar of Makhleb.
   831 | D:2      | Noticed a blizzard demon
   952 | D:2      | Found a deep blue altar of Sif Muna.
   959 | D:2      | Found a bloodstained altar of Trog.
  1729 | D:3      | Reached XP level 4. HP: 40/40 MP: 3/3
  2530 | D:4      | Reached XP level 5. HP: 41/46 MP: 4/4
  2573 | D:4      | Reached skill level 5 in Shields
  2815 | D:4      | Found Nuqong's Antique Weapon Shop.
  3262 | D:4      | Reached skill level 5 in Armour
  3516 | D:5      | Entered Level 5 of the Dungeon
  3566 | D:5      | Reached XP level 6. HP: 25/53 MP: 5/5
  3949 | D:5      | Reached skill level 5 in Long Blades
  3949 | D:5      | Reached skill level 1 in Dodging
  4049 | D:5      | Reached XP level 7. HP: 49/60 MP: 6/6
  4235 | D:5      | Reached skill level 5 in Fighting
  4613 | D:6      | Noticed Sigmund
  4650 | D:5      | Killed Sigmund
  4956 | D:6      | HP: 1/61 [orc warrior/glaive (14)]
  4964 | D:6      | Reached XP level 8. HP: 20/70 MP: 7/7
  5594 | D:6      | Noticed Edmund
  5603 | D:6      | Killed Edmund
  5777 | D:7      | Slain by an orc warrior

Skill      XL: |  1  2  3  4  5  6  7  8 |
---------------+-------------------------+-----
Fighting       | 4 5 |  5.9
Shields        | 4 5 6 |  6.6
Long Blades    | 3 4 5 6 7 |  7.2
Armour         | 4 5 6 7 |  7.1
Dodging        | 1 2 |  2.2
Stealth        | |  0.2

Action                   |  1- 3 |  4- 6 |  7- 9 || total
-------------------------+-------+-------+-------++-------
Melee: Long sword        |   123 |   148 |   122 ||   393
       Headbutt          |    19 |    20 |    29 ||    68
  Use: Scroll            |     5 |     4 |       ||     9
       Potion            |       |       |     2 ||     2
  Eat: Chunk             |     3 |     7 |     6 ||    16
Armor: Scale mail        |    47 |       |       ||    47
       Chain mail        |    51 |    82 |    36 ||   169
Dodge: Dodged            |    45 |    32 |    29 ||   106
       Deflected         |       |     2 |     2 ||     4
Block: Shield            |    80 |    98 |    63 ||   241
       Rpst.: Long sword |    10 |    11 |     7 ||    28
